 Dungeon Crawl Stone Soup version 0.28.0 (webtiles) character file.

Game seed: 14196517758006667882

1159 AmazingTV the Covert (level 8, -2/41 HPs)
             Began as a Spriggan Brigand on June 29, 2022.
             Killed by divine providence
             ... invoked by an orc priest
              (11 damage)
             ... on level 5 of the Dungeon.
             The game lasted 00:29:06 (10220 turns).

AmazingTV the Covert (Spriggan Brigand)            Turns: 10220, Time: 00:29:06

Health: -2/41      AC:  3    Str:  7    XL:     8   Next: 16%
Magic:  9/9        EV: 20    Int: 12    God:
Gold:   231        SH:  0    Dex: 19    Spells: 7/7 levels left

rFire   . . .      SeeInvis +   a - +2 dagger (vamp)
rCold   . . .      Faith    .   (no shield)
rNeg    . . .      Spirit   .   g - +0 robe
rPois   +          Reflect  .   (helmet restricted)
rElec   .          Harm     .   c - +0 cloak
rCorr   .          Rampage  .   (gloves unavailable)
Will    +....                   (boots unavailable)
Stlth   ++++......              i - amulet of magic regeneration
HPRegen 0.13/turn               w - ring of poison resistance
MPRegen 0.51/turn               (no ring)

@: very quick
A: very small, no large weapons, unfitting armour, see invisible, speed 3
a: no special abilities


You were on level 5 of the Dungeon.
You visited 1 branch of the dungeon, and saw 5 of its levels.
You also visited: Sewer.

You collected 231 gold pieces.

Inventory:

Hand Weapons
 a - a +2 vampiric dagger (weapon)
 b - a +0 hunting sling
 B - a +2 dagger
Missiles
 d - 5 poisoned darts (quivered)
 e - a curare-tipped dart
 C - 59 stones
 D - a throwing net
Armour
 c - a +0 cloak (worn)
 g - a +0 robe (worn)
Jewellery
 i - an amulet of magic regeneration (around neck)
 r - a ring of ice
 w - a ring of poison resistance (left hand)
Wands
 u - a wand of flame (17)
 y - a wand of polymorph (11)
 E - a wand of acid (8)
Scrolls
 h - 3 scrolls of identify {unknown}
 j - a scroll of holy word {unknown}
 l - a scroll of enchant weapon {unknown}
 p - a scroll of teleportation {unknown}
 q - a scroll of immolation {unknown}
 s - 3 scrolls of noise {unknown}
Potions
 f - 2 potions of attraction {unknown}
 k - a potion of haste {unknown}
 m - 2 potions of resistance {unknown}
 n - a potion of lignification {unknown}
 o - a potion of heal wounds {unknown}
 t - a potion of might {unknown}
 v - a potion of mutation {unknown}
 x - a potion of degeneration {unknown}
 z - a potion of berserk rage {unknown}
 A - 3 potions of curing {unknown}


   Skills:
 + Level 3.6 Fighting
 + Level 4.7 Short Blades
 + Level 4.6(5.7) Slings
 + Level 4.2(4.9) Throwing
 + Level 5.1 Dodging
 + Level 8.6 Stealth


You had 7 spell levels left.
You didn't know any spells.
Your spell library contained the following spells:

 Spells                   Type           Power      Damage    Failure   Level
 Summon Small Mammal      Summ           0%         N/A       32%         1
 Call Canine Familiar     Summ           0%         N/A       69%         3
 Summon Guardian Golem    Hex/Summ       0%         N/A       69%         3
 Simulacrum               Ice/Necr       0%         N/A       100%        6
 Borgnjor's Revivificati  Necr           0%         N/A       100%        8


Dungeon Overview and Level Annotations

Branches:
Dungeon (5/15)              Sewer (visited)
 Temple: D:4-7

Altars:

Shops:
D:1 [=[?[

Annotations:
D:4 Grinder
D:5 1 runed translucent door, amongus's ghost, amateur MiBe


Innate Abilities, Weirdness & Mutations

You are very small and have problems with some larger weapons.
You are too small for most types of armour.
You have supernaturally acute eyesight. (SInv)
You cover ground extremely quickly. (Speed+++)


Message History

The orc priest is heavily wounded.
You completely miss the orc priest.
The orc priest is heavily wounded.
The orc priest invokes the aid of Beogh against you.
Beogh smites you!
You hit the orc priest.
You feel better.
The orc priest is heavily wounded.
The orc priest hits you with a +0 hand axe.
You barely miss the orc priest.
The orc priest is heavily wounded.
The orc priest misses you.
You hit the orc priest. You punch the orc priest.
The orc priest is severely wounded.
The orc priest mumbles some strange prayers to Beogh against you.
Beogh smites you!
* * * LOW HITPOINT WARNING * * *
You are too injured to fight recklessly!
Throw: 8 darts (poison)
Press: ? - help, Q - select action, (/) - cycle Shift-Dir - straight line, f - orc priest
Aim: an orc priest, wielding a +0 hand axe and wearing a ring of flight (severely wounded, 64% to hit)
You throw a poisoned dart.
The poisoned dart closely misses the orc priest.
You completely miss the orc priest. Your punch misses the orc priest.
The orc priest is severely wounded.
The orc priest closely misses you.
Throw: 7 darts (poison)
Press: ? - help, Q - select action, (/) - cycle Shift-Dir - straight line, f/p - orc priest
Aim: an orc priest, wielding a +0 hand axe and wearing a ring of flight (severely wounded, 64% to hit)
You throw a poisoned dart.
The poisoned dart barely misses the orc priest.
The orc priest closely misses you.
Throw: 6 darts (poison)
Press: ? - help, Q - select action, (/) - cycle Shift-Dir - straight line, f/p - orc priest
Aim: an orc priest, wielding a +0 hand axe and wearing a ring of flight (severely wounded, 64% to hit)
You throw a poisoned dart. The poisoned dart hits the orc priest!
The orc priest is poisoned.
The orc priest is severely wounded.
The orc priest mumbles some strange prayers to Beogh against you.
Beogh smites you!
You die...

#.................#....#......
#........>........'....#......
#.................#....#......
#.................#....#......
#...##########'#########......
#'###............).........[..
#...#.....................)...
#...#.......<.................
#...#........@................
######........o................
#.......#######......###'######
#.......#.....#......#.........
#.......#.....#......#.........
#.......'.....'......'.........
#.......#....##......#.....####
##############......##.....#...
#......#.>....#...


You could see an orc priest (very poisoned).

Vanquished Creatures
  A necrophage (D:4)
  2 ogres
  2 bullfrogs (Sewer)
  A water moccasin skeleton (D:5)
  A hound (D:4)
  A centaur skeleton (D:4)
  A gnoll shaman (D:5)
  A bullfrog skeleton (D:5)
  3 orc priests
  2 iguanas (D:5)
  Ijyb (D:3)
  Natasha (thrice) (D:3)
  2 orc wizards (D:5)
  7 adders
  13 gnolls
  2 worms (D:2)
  A dart slug (D:3)
  10 orcs
  13 ball pythons
  3 endoplasms
  18 giant cockroaches
  6 goblins
  11 hobgoblins
  2 jackals (D:1)
  3 kobolds
  8 quokkas
  5 bats
  6 frilled lizards
  7 rats
136 creatures vanquished.

Vanquished Creatures (others)
  An orc wizard (D:5)
1 creature vanquished.

Grand Total: 137 creatures vanquished

Notes
Turn   | Place    | Note
-------+----------+-------------------------------------------
     0 | D:1      | AmazingTV the Spriggan Brigand began the quest for the Orb.
     0 | D:1      | Reached XP level 1. HP: 10/10 MP: 2/2
   119 | D:1      | Found Giomic's Armour Shoppe.
   141 | D:1      | Found Cuetz's Magic Scroll Boutique.
   178 | D:1      | Reached skill level 6 in Stealth
   178 | D:1      | Reached XP level 2. HP: 5/15 MP: 3/3
   380 | D:1      | Found Tucocah's Armour Shoppe.
   398 | D:1      | Found Etuistru's Jewellery Boutique.
   818 | D:1      | Reached skill level 1 in Slings
   896 | D:1      | Found Vevash's Antique Armour Emporium.
  1014 | D:2      | Found a faded altar of an unknown god.
  1138 | D:2      | Reached XP level 3. HP: 18/18 MP: 4/4
  2048 | D:2      | Reached XP level 4. HP: 9/23 MP: 5/5
  2446 | D:3      | Found a glowing drain.
  2520 | Sewer    | Entered a sewer
  2955 | Sewer    | Reached XP level 5. HP: 26/26 MP: 6/6
  3499 | Sewer    | Reached skill level 7 in Stealth
  3499 | Sewer    | Reached XP level 6. HP: 11/32 MP: 7/7
  4167 | D:3      | Noticed Natasha
  4174 | D:3      | Killed Natasha
  4378 | D:3      | Noticed Ijyb
  4401 | D:3      | Noticed Natasha
  4430 | D:3      | Killed Natasha
  4451 | D:3      | Killed Ijyb
  4697 | D:3      | Noticed Natasha
  4719 | D:3      | Killed Natasha
  5429 | D:4      | Noticed Grinder
  5439 | D:4      | Reached XP level 7. HP: 29/35 MP: 8/8
  5498 | D:4      | Paralysed by Grinder for 7 turns
  6068 | D:4      | Paralysed by Grinder for 3 turns
  6591 | D:4      | Got Xuonio Muxu's Guide on Doomed Calling
  6696 | D:5      | Entered Level 5 of the Dungeon
  7470 | D:5      | Reached skill level 8 in Stealth
  8291 | D:5      | Reached XP level 8. HP: 31/40 MP: 9/9
  8811 | D:5      | Reached skill level 5 in Dodging
  9398 | D:5      | Found a runed translucent door.
  9399 | D:5      | Noticed amongus's ghost (amateur MiBe)
 10220 | D:5      | Killed from afar by an orc priest

Illustrated notes

Levels and vault maps discovered:
D:1:      saegor_arrival_simple_d, layout_loops_cross, serial_shops,
          nicolae_shop_competitors_out_of_business, shop, shop_fountains, shop,
          nicolae_shop_stone, amcnicky_mini_corridor_feature,
          minmay_misc_feat_enclosed
D:2:      layout_loops_ring, hellmonk_ecumenical_altar_lost_god
D:3:      layout_loops_ring, portal_sewer_entry_f, uniq_natasha, uniq_ijyb
D:4:      layout_loops_ring, uniq_grinder
D:5:      layout_gridville, ebering_ghost_reflecting_pool, skrybe_limestone_x

Skill      XL: |  1  2  3  4  5  6  7  8 |
---------------+-------------------------+-----
Stealth        | 6 7 8 |  8.6
Slings         | 1 2 3 4 |  4.6
Dodging        | 2 3 4 5 |  5.1
Fighting       | 2 3 |  3.6
Short Blades   | 3 4 |  4.7
Throwing       | 3 4 |  4.2

Action                   |  1- 3 |  4- 6 |  7- 9 || total
-------------------------+-------+-------+-------++-------
Melee: Dagger            |   175 |   315 |   195 ||   685
       Punch             |     1 |     4 |     7 ||    12
 Fire: Hunting sling     |       |       |   108 ||   108
Throw: Dart              |     1 |    31 |    44 ||    76
 Stab: Sleeping          |     8 |    12 |     4 ||    24
Armor: Robe              |    29 |    35 |    14 ||    78
Dodge: Dodged            |   136 |   282 |   176 ||   594
